 Dungeon Crawl Stone Soup version 0.31-a0-960-g0fca184906 (webtiles) character file.

Game seed: 12091952175226785996

11209 sokol815 the Slicer (level 11, -6/67 HPs)
             Began as an Octopode Earth Elementalist on Oct 24, 2023.
             Was an Initiate of Gozag.
             Mangled by an ice devil (12 damage)
             ... in an ice cave.
             The game lasted 00:57:04 (14899 turns).

sokol815 the Slicer (Octopode Earth Elementalist)  Turns: 14899, Time: 00:57:04

Health: -6/67      AC:  5    Str:  7    XL:     11   Next: 74%
Magic:  3/18       EV: 14    Int: 25    God:    Gozag
Gold:   679        SH:  0    Dex: 13    Spells: 5/20 levels left

rFire   + . .        d - staff "Yqunen" {rC+ Int+3 Conj}
rCold   + + .        (no shield)
rNeg    . . .        (helmet restricted)
rPois   +            (no amulet)
rElec   +            Z - ring of wizardry {Wiz+, !d}
rCorr   +            A - +4 ring of protection
SInv    .            P - ring of poison resistance {rPois, !d}
Will    .....        (no ring)
Stlth   +++++        (no ring)
HPRegen 0.31/turn    (no ring)
MPRegen 0.16/turn    (no ring)
                     (no ring)

%: wizardry (x1)
@: mighty, resistant, slowed, studying Short Blades, very slow
A: almost no armour, amphibious, 8 rings, camouflage 1, gelatinous body 1,
(nimble swimmer 1), tentacles
a: Renounce Religion, Potion Petition, Call Merchant, Bribe Branch


You were in an ice cave.
You worshipped Gozag.
Gozag was pleased with you.
You visited 3 branches of the dungeon, and saw 12 of its levels.
You also visited: Ice Cave.

You collected 2247 gold pieces.
You spent 594 gold pieces at shops.
You paid 974 gold pieces to Gozag.

Inventory:

Hand Weapons
 a - a +4 short sword of distortion {!w}
   (You took it off a kobold on level 4 of the Dungeon)
 b - a +5 dagger
   (You took it off a kobold brigand on level 9 of the Dungeon)
 k - a +1 heavy hand axe
   (You took it off an orc on level 6 of the Dungeon)
 l - a +1 whip of flaming
   (You took it off Pikel on level 6 of the Dungeon)
 m - a +0 dagger of flaming
   (You took it off an orc wizard on level 6 of the Dungeon)
 n - a +2 shortbow of freezing
   (You took it off a centaur on level 4 of the Dungeon)
 q - a +4 spear
   (You took it off a gnoll on level 9 of the Dungeon)
 r - a +5 trident of protection
   (You took it off a gnoll sergeant on level 7 of the Dungeon)
 u - a +0 short sword of flaming
   (You took it off an orc on level 8 of the Dungeon)
 z - a +0 flail of protection
   (You took it off a gnoll on level 7 of the Dungeon)
 C - the +10 battleaxe of the Delicate God {flame, Fragile rPois MP+9}
   (You found it on level 9 of the Dungeon)

   rPois:     It protects you from poison MP+9: It affects your magic capacity
   (+9).
   Fragile:   It will be destroyed if unequipped.
 D - a +1 dagger of venom
   (You took it off a kobold brigand on level 9 of the Dungeon)
 F - a +0 hand axe
   (You found it on level 1 of the Dungeon)
 K - a +3 short sword
   (You took it off an orc on level 9 of the Dungeon)
Missiles
 h - 7 boomerangs
 s - 76 stones
 v - 4 curare-tipped darts
 w - 2 throwing nets {!d}
 H - 37 poisoned darts
Armour
 t - a +0 buckler
   (You took it off a gnoll sergeant on level 7 of the Dungeon)
Magical Staves
 d - the staff "Yqunen" (weapon) {rC+ Int+3 Conj}
   (You acquired it on level 2 of the Dungeon)

   [staff of conjuration]

   Base accuracy: +5 Base damage: 5 Base attack delay: 1.2 This weapon's minimum
   attack delay (0.6) is reached at skill level 12.
   Int+3:     It affects your intelligence (+3).
   rC+:       It protects you from cold.
   Conj:      It increases the power of your Conjurations spells.
   It falls into the 'Staves' category.
   It is a one-tentacled weapon.
Jewellery
 f - a ring of fire {rF+, rC-}
   (You found it on level 10 of the Dungeon)
 A - a +4 ring of protection (right tentacle)
   (You found it on level 4 of the Dungeon)
 P - a ring of poison resistance (on tentacle) {rPois, !d}
   (You took it off a gnoll on level 9 of the Dungeon)
 Z - a ring of wizardry (left tentacle) {Wiz+, !d}
   (You found it on level 1 of the Dungeon)
Wands
 j - a wand of polymorph (6)
   (You took it off an orc on level 9 of the Dungeon)
 p - a wand of paralysis (2)
   (You took it off a gnoll on level 9 of the Dungeon)
Scrolls
 e - a scroll of revelation
 g - a scroll of poison {!r}
 x - 3 scrolls of identify {@r1}
 E - a scroll of fear
 L - a scroll of amnesia
 Y - 2 scrolls of teleportation {@r3}
Potions
 c - 3 potions of attraction {!q}
 i - 2 potions of cancellation
 o - a potion of enlightenment
 y - 3 potions of lignification {!q}
 B - 3 potions of brilliance
 G - a potion of ambrosia {!q}
 I - 2 potions of invisibility
 J - a potion of curing {@q1}
 M - 3 potions of magic
 R - a potion of resistance


   Skills:
 - Level 3.0 Fighting
 - Level 10.4 Short Blades
 * Level 2.8 Staves
 - Level 4.0 Dodging
 - Level 10.0 Stealth
 + Level 1.7 Shields
 - Level 5.0 Spellcasting
 * Level 9.5 Conjurations
 - Level 1.0 Transmutations
 + Level 9.1 Earth Magic


You had 5 spell levels left.
You knew the following spells:

 Your Spells              Type           Power      Damage    Failure   Level
a - Sandblast             Erth           100%       2d20      1%          1
b - Brom's Barrelling Bo  Conj/Erth      68%        2d8       1%          4
c - Orb of Destruction    Conj           34%        9d10      45%         7
x - Stone Arrow           Conj/Erth      100%       3d13      1%          3

Your spell library contained the following spells:

 Spells                   Type           Power      Damage    Failure   Level
 Passwall                 Tmut/Erth      25%        N/A       1%          2
 Dazzling Flash           Conj/Hex       90%        N/A       1%          3
 Iskenderun's Battlesphe  Conj           69%        2d12      1%          5
 Necrotise                Necr           24%        1d5       3%          1
 Slow                     Hex            24%        N/A       3%          1
 Petrify                  Tmut/Erth      31%        N/A       4%          4
 Confusing Touch          Hex            6%         N/A       10%         3
 Sigil of Binding         Hex            6%         N/A       10%         3
 Vampiric Draining        Necr           6%         2d6       10%         3
 Volatile Blastmotes      Fire/Tloc      12%        2d11      10%         3
 Fireball                 Conj/Fire      22%        3d10      13%         5
 Agony                    Necr           6%         N/A       63%         5
 Summon Forest            Summ/Tloc      3%         N/A       63%         5
 Conjure Ball Lightning   Conj/Air       22%        3x3d6     54%         6
 Starburst                Conj/Fire      22%        6d8       54%         6
 Eringya's Noxious Bog    Tmut/Pois      4%         4d6       98%         6
 Lehudib's Crystal Spear  Conj/Erth      34%        10d9      98%         8
 Summon Hydra             Summ           3%         N/A       100%        7
 Maxwell's Capacitive Co  Air            3%         ∞         100%        8
 Animate Armour           Summ/Erth      Unusable   N/A       N/A         4

Dungeon Overview and Level Annotations

Branches:
Dungeon (10/15) Zot: 25685  Temple (1/1) D:5 Zot: 5983    Lair (1/5) D:8 Zot: 5897
    Orc (0/2) D:9           IceCv (1/1) Zot: 5248

Altars:
Ashenzari
Cheibriados
Dithmenos
Elyvilon
Fedhas
Gozag
Hepliaklqana
Kikubaaqudgha
Makhleb
Nemelex Xobeh
Okawaru
Qazlal
Ru
Sif Muna
Trog
Uskayaw
Vehumet
Wu Jian
Xom
Yredelemnul
Zin
The Shining One

Shops:
D:2 ?   D:10 !

Annotations:
D:5 exclusion: upstairs
D:7 exclusions: statue and 1 more exclusion
D:8 8 transporters, DroidLikeDroid's ghost, novice HOFi
D:10 1 runed translucent door


Innate Abilities, Weirdness & Mutations

You cannot wear most types of armour.
You are amphibious.
You can wear up to eight rings at the same time.
Your skin changes colour to match your surroundings (Stealth+).
Your rubbery body absorbs attacks. (AC +1, EV +1)
((You are camouflaged when in or above water. (Stealth+)))
You have tentacles for arms and can constrict up to eight enemies at once.


Message History

You start resting.
A freezing wraith is nearby!
You regained 6 hp, and now have 66/67 hp.
You regained 3 mp, and now have 12/18 mp.
You start resting.
Health restored: 67; MP restored: 18
Press: ? - help, Q - select action, (/) - cycle Shift-Dir - straight line, f - freezing wraith
Aim: a freezing wraith (78% to hit)
You feel a surge of power!
The stone arrow hits the freezing wraith!!
You now have 15/18 mp.
Press: ? - help, Q - select action, (/) - cycle Shift-Dir - straight line, f/p - freezing wraith
Aim: a freezing wraith (heavily damaged, 78% to hit)
You feel a surge of power!
The stone arrow misses the freezing wraith.
You now have 12/18 mp.
Press: ? - help, Q - select action, (/) - cycle Shift-Dir - straight line, f/p - freezing wraith
Aim: a freezing wraith (heavily damaged, 78% to hit)
You feel a surge of power!
The stone arrow misses the freezing wraith.
You now have 9/18 mp.
Press: ? - help, Q - select action, (/) - cycle Shift-Dir - straight line, f/p - freezing wraith
Aim: a freezing wraith (heavily damaged, 78% to hit)
You feel a surge of power!
The stone arrow hits the freezing wraith!
The freezing wraith hits you. The freezing wraith freezes you! You resist.
The freezing wraith hits you.
You take 16 damage, and have 51/67 hp.
MASSIVE DAMAGE!!
You now have 6/18 mp.
Press: ? - help, Q - select action, (/) - cycle Shift-Dir - straight line, f/p - freezing wraith
Aim: a freezing wraith (heavily damaged, 78% to hit)
You feel a surge of power!
The stone arrow hits the freezing wraith!
The freezing wraith closely misses you. The freezing wraith misses you.
You now have 3/18 mp.
The freezing wraith attacks as it pursues you!
The freezing wraith hits you but does no damage.
The freezing wraith hits you. The freezing wraith drains your vigour!
You feel yourself slow down.
You take 5 damage, and have 46/67 hp.
Press: ? - help, Q - select action, (/) - cycle Shift-Dir - straight line, f/p - freezing wraith
Aim: a freezing wraith (severely damaged, 78% to hit)
You feel a surge of power!
The stone arrow hits the freezing wraith!
The freezing wraith hits you. The freezing wraith freezes you! You resist.
The freezing wraith barely misses you. The freezing wraith hits you.
The freezing wraith freezes you! You resist.
The freezing wraith hits you but does no damage.
You take 21 damage, and have 25/67 hp.
MASSIVE DAMAGE!!
You now have 1/18 mp.
Press: ? - help, Shift-Dir - straight line, f/p - freezing wraith
Aim: a freezing wraith (almost destroyed, chance to affect: 31%)
Okay, then.
Press: ? - help, Shift-Dir - straight line, f - you, p - freezing wraith
Okay, then.
Unknown command.
You closely miss the freezing wraith. You squeeze the freezing wraith.
You destroy the freezing wraith!
The ice devil is distracted by your dazzling golden aura.
The ice devil is no longer distracted by gold.
You hit the ice devil but do no damage. You grab the ice devil.
You squeeze the ice devil, but do no damage.
You constrict the ice devil, but do no damage.
The ice devil barely misses you.
You hit the ice devil but do no damage.
You constrict the ice devil, but do no damage.
The ice devil closely misses you. x2
Unknown command.
You hit the ice devil but do no damage.
You constrict the ice devil, but do no damage.
The ice devil hits you! The ice devil freezes you! You resist.
* * * LOW HITPOINT WARNING * * *
The ice devil hits you.
* * * LOW HITPOINT WARNING * * *
The ice devil freezes you! You resist.
* * * LOW HITPOINT WARNING * * *
You take 24 damage, and have 3/67 hp.
MASSIVE DAMAGE!!
You feel better.
You constrict the ice devil, but do no damage.
The ice devil hits you.
* * * LOW HITPOINT WARNING * * *
The ice devil freezes you. You resist.
* * * LOW HITPOINT WARNING * * *
You take 2 damage, and have 1/67 hp. [a] - 437 gold - resistance, might and heal wounds [b] - 390 gold - resistance and enlightenment [c] - 300 gold - haste and heal wounds Purchase which effect?
You no longer have enough gold to fund merchants seeking to open stores in the dungeon.
You feel protected.
You feel very mighty all of a sudden.
You feel much better.
You constrict the ice devil. The ice devil hits you!
* * * LOW HITPOINT WARNING * * *
The ice devil freezes you. You resist.
* * * LOW HITPOINT WARNING * * *
The ice devil hits you!
You die...
Your body crumbles into a pile of gold.

#.####...####.#
##.............##
#...............#
#...............#
#.......⌠.......#
#...............#
#.......$.......#
##......4......##
#......@......#
##...........##
##.#.....#.##
####...####
#...## ##...#
##...# #...##
##...##


You could see an ice devil.

Vanquished Creatures
  2 two-headed ogres (D:10)
  Pikel (D:6)
  2 ice statues (IceCv)
  A freezing wraith (IceCv)
  3 ice devils (IceCv)
  A hornet (D:9)
  A troll (D:9)
  2 wyverns
  A dire elephant simulacrum (IceCv)
  2 steam dragons
  6 yaks
  A death yak simulacrum (IceCv)
  3 wargs (D:8)
  Menkaure (D:6)
  An acid dragon (D:9)
  A hydra simulacrum (IceCv)
  4 water moccasins
  5 orc warriors
  A black bear (D:7)
  3 ogres
  4 centaurs
  A phantom (D:4)
  7 kobold brigands
  6 gnoll sergeants
  2 bullfrogs
  A two-headed ogre simulacrum (IceCv)
  A cane toad simulacrum (IceCv)
  9 scorpions
  2 killer bees
  3 howler monkeys
  2 jellies
  A gnoll bouda (D:8)
  5 hounds
  9 orc priests
  2 sleepcaps
  2 iguanas
  10 orc wizards
  30 gnolls
  10 adders
  A shadow imp (D:7)
  6 white imps
  An ufetubus (IceCv)
  3 worms
  4 dart slugs
  49 orcs
  7 endoplasms
  8 giant cockroaches
  7 goblins
  4 hobgoblins
  4 jackals (D:1)
  31 kobolds
  4 quokkas (D:4)
  10 ball pythons
  8 bats
  5 frilled lizards
  5 rats
  4 butterflies (D:10)
310 creatures vanquished.

Vanquished Creatures (collateral kills)
  A gnoll sergeant (D:9)
  2 orcs (D:9)
  A kobold (D:9)
  28 boulders
32 creatures vanquished.

Vanquished Creatures (others)
  A kobold (D:9)
  19 boulders
20 creatures vanquished.

Grand Total: 362 creatures vanquished

Notes
Turn   | Place    | Note
-------+----------+-------------------------------------------
     0 | D:1      | sokol815 the Octopode Earth Elementalist began the quest
                  | for the Orb.
     0 | D:1      | Reached XP level 1. HP: 11/11 MP: 3/3
   275 | D:1      | Reached skill level 3 in Stealth
   342 | D:1      | Reached XP level 2. HP: 17/17 MP: 5/5
   347 | D:1      | Reached skill level 4 in Stealth
   687 | D:1      | Reached XP level 3. HP: 21/21 MP: 4/6
   743 | D:1      | Reached skill level 5 in Stealth
   766 | D:1      | Learned a level 3 spell: Stone Arrow
  1086 | D:2      | Found Nisulol's Magic Scroll Shop.
  1128 | D:2      | Bought a scroll of identify for 22 gold pieces
  1347 | D:2      | Found a faded altar of an unknown god.
  1439 | D:2      | Reached XP level 4. HP: 27/27 MP: 5/7
  2247 | D:3      | Reached skill level 1 in Conjurations
  3125 | D:4      | Reached XP level 5. HP: 30/31 MP: 4/8
  3199 | D:4      | Noticed a phantom
  3204 | D:4      | Killed a phantom
  3205 | D:4      | Reached skill level 6 in Stealth
  3205 | D:4      | Reached skill level 2 in Conjurations
  3315 | D:4      | Reached skill level 3 in Spellcasting
  3315 | D:4      | Reached XP level 6. HP: 31/36 MP: 5/10
  3406 | D:4      | Reached skill level 4 in Earth Magic
  3467 | D:5      | Entered Level 5 of the Dungeon
  3754 | D:4      | Found a broken altar of Ashenzari.
  3824 | D:4      | HP: 9/36 [killer bee (6)]
  4101 | D:5      | Found a staircase to the Ecumenical Temple.
  4125 | D:5      | Reached XP level 7. HP: 41/41 MP: 10/12
  4127 | Temple   | Entered the Ecumenical Temple
  4135 | Temple   | Became a worshipper of Gozag Ym Sagoz the Greedy
  4227 | D:5      | Reached skill level 1 in Short Blades
  4386 | D:4      | Reached skill level 3 in Conjurations
  4675 | D:5      | Reached skill level 2 in Short Blades
  4675 | D:5      | Reached skill level 7 in Stealth
  4823 | D:5      | Found a blossoming altar of Fedhas.
  4871 | D:5      | Learned a level 4 spell: Brom's Barrelling Boulder
  5076 | D:6      | Noticed Menkaure
  5079 | D:6      | Killed Menkaure
  5080 | D:6      | Reached skill level 3 in Short Blades
  5080 | D:6      | Reached skill level 4 in Spellcasting
  5080 | D:6      | Reached XP level 8. HP: 46/46 MP: 3/14
  5300 | D:6      | Reached skill level 5 in Earth Magic
  5543 | D:6      | Reached skill level 4 in Short Blades
  5547 | D:6      | Noticed Pikel
  5548 | D:6      | Reached skill level 4 in Conjurations
  5678 | D:6      | Killed Pikel
  5679 | D:6      | Reached skill level 8 in Stealth
  5679 | D:6      | Reached skill level 5 in Spellcasting
  5679 | D:6      | Reached skill level 5 in Conjurations
  5679 | D:6      | Reached skill level 1 in Fighting
  5679 | D:6      | Reached XP level 9. HP: 40/53 MP: 1/16
  5832 | D:6      | Found a glowing silver altar of Zin.
  5940 | D:6      | Found a shimmering blue altar of Sif Muna.
  6521 | D:4      | Reached skill level 2 in Fighting
  7176 | D:7      | Reached skill level 5 in Short Blades
  7326 | D:2      | Bought a scroll of acquirement for 572 gold pieces
  7326 | D:2      | Acquired the staff "Yqunen" {rC+ Int+3 Conj}
  7553 | D:7      | Reached skill level 9 in Stealth
  7695 | D:7      | Reached skill level 6 in Short Blades
  8186 | D:7      | Found a radiant altar of Vehumet.
  8275 | D:7      | Found a sacrificial altar of Ru.
  8597 | D:8      | Found a transporter.
  8603 | D:8      | Found a transporter.
  8655 | D:8      | Found a transporter.
  8659 | D:8      | Found a transporter.
  8796 | D:8      | Reached skill level 3 in Fighting
  8972 | D:8      | Found a staircase to the Lair.
  9048 | D:8      | Found a transporter.
  9049 | D:8      | Found a transporter.
  9064 | D:8      | Reached skill level 6 in Earth Magic
  9082 | D:8      | Reached skill level 7 in Short Blades
  9082 | D:8      | Reached skill level 6 in Conjurations
  9107 | D:8      | Reached skill level 10 in Stealth
  9185 | D:8      | Reached XP level 10. HP: 40/63 MP: 7/17
  9491 | D:8      | Reached skill level 3 in Dodging
  9978 | D:8      | Noticed DroidLikeDroid's ghost (novice HOFi)
 10022 | D:8      | Found a transporter.
 10027 | D:8      | Found a transporter.
 10568 | D:9      | Found a staircase to the Orcish Mines.
 10604 | D:9      | Reached skill level 4 in Dodging
 10604 | D:9      | Reached skill level 7 in Conjurations
 10725 | D:9      | Reached skill level 7 in Earth Magic
 11137 | D:9      | Identified the +10 battleaxe of the Delicate God {flame,
                  | Fragile rPois MP+9}
 11958 | D:9      | Reached skill level 8 in Conjurations
 11958 | D:9      | Reached skill level 8 in Earth Magic
 12428 | D:9      | Identified the -2 pair of gloves of Resonance {Harm
                  | *Corrode Dex+2}
 12699 | D:9      | Identified the +1 leather armour of the Fabulous Slorg
                  | {-Tele Str+5 SInv}
 12713 | D:10     | Entered Level 10 of the Dungeon
 12731 | D:10     | Found Daf Taeq's Distillery.
 12757 | D:10     | Learned a level 7 spell: Orb of Destruction
 12845 | D:10     | Found a white marble altar of Elyvilon.
 12915 | D:10     | Found a shadowy altar of Dithmenos.
 12944 | D:10     | Noticed a two-headed ogre
 12956 | D:10     | Killed a two-headed ogre
 12957 | D:10     | Reached skill level 8 in Short Blades
 12957 | D:10     | Reached XP level 11. HP: 67/67 MP: 0/18
 13192 | D:10     | Noticed a two-headed ogre
 13224 | D:10     | Killed a two-headed ogre
 13225 | D:10     | Reached skill level 9 in Short Blades
 13456 | D:10     | Found a runed translucent door.
 13458 | D:10     | Found a runed translucent door.
 13917 | IceCv    | Identified the "Daadawia"
 13917 | Lair:1   | Entered Level 1 of the Lair of Beasts
 13932 | Lair:1   | Found a frozen archway.
 13947 | Lair:1   | Reached skill level 10 in Short Blades
 14123 | Lair:1   | Reached skill level 9 in Conjurations
 14147 | IceCv    | Entered an ice cave
 14315 | IceCv    | HP: 14/67 [ice devil (7)]
 14315 | IceCv    | HP: 2/67 [ice devil (12)]
 14320 | IceCv    | Reached skill level 1 in Staves
 14336 | IceCv    | Reached skill level 9 in Earth Magic
 14350 | IceCv    | Reached skill level 1 in Shields
 14368 | IceCv    | Reached skill level 2 in Staves
 14592 | IceCv    | HP: 9/67 [three-headed hydra simulacrum (17)]
 14897 | IceCv    | HP: 13/67 [ice devil (8)]
 14897 | IceCv    | HP: 3/67 [ice devil (7)]
 14898 | IceCv    | HP: 1/67 [ice devil (6)]
 14899 | IceCv    | Mangled by an ice devil

Illustrated notes

Levels and vault maps discovered:
D:1:      dpeg_arrival_windows_large_door, layout_basic, minmay_small_reverse_x
D:2:      layout_basic, chequers_ecumenical_altar_lobes, serial_shops, shop,
          roderic_lattice_a, minmay_pentomino_w2
D:3:      layout_basic, dk_noncrumbling_3
D:4:      layout_cave_pools, lemuel_doored_altar, minmay_manual_monstrance
D:5:      layout_cave_pools, kennysheep_mini_moat, minmay_temple_entry_junction
D:6:      layout_basic, nicolae_sif_muna_condensation,
          mainiacjoe_overflow_small_starburst, hangedman_glass_teeth,
          uniq_menkaure, uniq_pikel
D:7:      layout_basic, nicolae_ru_great_annihilating_truth, vehumet_statue,
          nicolae_grassy_gnolls
D:8:      layout_loops_ring, erik_lair_orcish_takeover, gammafunk_ghost_hive,
          st_stairs_10, serial_nicolae_subway, nicolae_sub_station_crystal,
          nicolae_sub_station_metal, nicolae_sub_station_stone
D:9:      layout_basic, kennysheep_orc_monster_closet_entryway, serial_glass,
          glass_columns_a, glass_columns_b, minmay_strange_pillars,
          item_on_display_a, due_unseen_surprise
D:10:     lemuel_insect_pit, layout_basic, grunt_dithmenos_smoke_and_mirrors,
          mainiacjoe_overflow_cross_hatched, serial_shops,
          nicolae_shop_tiny_waterfront
Temple:   eino_temple_lava
Lair:1:   layout_roguey, nicolae_volcano_entry_hallway,
          portal_ice_cave_entry_pillars_1,
          hellmonk_guarded_unrand_seven_league_boots, serial_bayou_shore_a
IceCv:    ice_cave_tombish

Skill      XL: |  1  2  3  4  5  6  7  8  9 10 11 |
---------------+----------------------------------+-----
Stealth        | 3 4 5 6 7 8 10 | 10.0
Conjurations   | 1 2 3 5 6 8 9 |  9.5
Spellcasting   | 3 4 5 |  5.0
Earth Magic    | 4 5 6 8 9 |  9.1
Short Blades   | 3 4 7 8 10 | 10.4
Fighting       | 1 3 |  3.0
Dodging        | 4 |  4.0
Staves         | 2 |  2.8
Shields        | 1 |  1.7
Transmutations | |  1.0

Action                     |  1- 3 |  4- 6 |  7- 9 | 10-12 || total
---------------------------+-------+-------+-------+-------++-------
  Melee: Hand axe          |    19 |    19 |       |       ||    38
         Tentacles         |     3 |     4 |    21 |    30 ||    58
         Constrict         |     3 |     8 |    22 |    21 ||    54
         Short sword       |       |     9 |   111 |   100 ||   220
         Punch             |       |     1 |     2 |     1 ||     4
         Staff             |       |       |       |    30 ||    30
         Dagger            |       |       |       |    19 ||    19
   Cast: Sandblast         |    46 |    53 |     3 |    10 ||   112
         Stone Arrow       |       |    10 |    68 |   106 ||   184
         Brom's Barrelling |       |       |    20 |    40 ||    60
 Invoke: Potion Petition   |       |       |       |     2 ||     2
    Use: Scroll            |     2 |    10 |     8 |     3 ||    23
         Potion            |       |     3 |       |     2 ||     5
   Stab: Sleeping          |     1 |     1 |     9 |     8 ||    19
         Distracted        |       |       |       |     3 ||     3
         Invisible         |       |       |       |     6 ||     6
 Armour: Skin              |    16 |    40 |    54 |    85 ||   195
  Dodge: Dodged            |    13 |    37 |    50 |    80 ||   180

Table legend: (Time is in decaauts)
 A = Elapsed time spent in this place.
 B = Non-inter-level travel time spent in this place.
 C = Inter-level travel time spent in this place.
 D = Time resting spent in this place.
 E = Time spent auto-exploring this place.
 F = Levels seen in this place.
 G = Mean time per level.
                   A        B        C        D        E       F      G
               +--------+--------+--------+--------+--------+-----+--------+
         Total |  14915 |  14127 |    788 |   3391 |   7916 |  13 | 1147.3 |
       Dungeon |  14046 |  13266 |    780 |   2902 |   7907 |  10 | 1404.6 |
        Temple |     16 |      8 |      8 |      0 |      0 |   1 |   16.0 |
          Lair |    102 |    102 |      0 |      0 |      0 |   1 |  102.0 |
      Ice Cave |    750 |    750 |      0 |    489 |      9 |   1 |  750.0 |
               +--------+--------+--------+--------+--------+-----+--------+

Top non-repeatable levels by time:
     D:8: 2102 daAuts
     D:9: 2081 daAuts
     D:4: 1754 daAuts
     D:6: 1341 daAuts
     D:7: 1244 daAuts
     D:5: 1213 daAuts
     D:3: 1168 daAuts
    D:10: 1144 daAuts
     D:1: 1095 daAuts
     D:2: 899 daAuts
   IceCv: 750 daAuts
  Lair:1: 102 daAuts
  Temple: 16 daAuts

Levels and vault maps discovered:
D:1:      dpeg_arrival_windows_large_door, layout_basic, minmay_small_reverse_x
D:2:      layout_basic, chequers_ecumenical_altar_lobes, serial_shops, shop,
          roderic_lattice_a, minmay_pentomino_w2
D:3:      layout_basic, dk_noncrumbling_3
D:4:      layout_cave_pools, lemuel_doored_altar, minmay_manual_monstrance
D:5:      layout_cave_pools, kennysheep_mini_moat, minmay_temple_entry_junction
D:6:      layout_basic, nicolae_sif_muna_condensation,
          mainiacjoe_overflow_small_starburst, hangedman_glass_teeth,
          uniq_menkaure, uniq_pikel
D:7:      layout_basic, nicolae_ru_great_annihilating_truth, vehumet_statue,
          nicolae_grassy_gnolls
D:8:      layout_loops_ring, erik_lair_orcish_takeover, gammafunk_ghost_hive,
          st_stairs_10, serial_nicolae_subway, nicolae_sub_station_crystal,
          nicolae_sub_station_metal, nicolae_sub_station_stone
D:9:      layout_basic, kennysheep_orc_monster_closet_entryway, serial_glass,
          glass_columns_a, glass_columns_b, minmay_strange_pillars,
          item_on_display_a, due_unseen_surprise
D:10:     lemuel_insect_pit, layout_basic, grunt_dithmenos_smoke_and_mirrors,
          mainiacjoe_overflow_cross_hatched, serial_shops,
          nicolae_shop_tiny_waterfront
Temple:   eino_temple_lava
Lair:1:   layout_roguey, nicolae_volcano_entry_hallway,
          portal_ice_cave_entry_pillars_1,
          hellmonk_guarded_unrand_seven_league_boots, serial_bayou_shore_a
IceCv:    ice_cave_tombish

Table legend: (Time is in decaauts)
 A = Elapsed time spent in this place.
 B = Non-inter-level travel time spent in this place.
 C = Inter-level travel time spent in this place.
 D = Time resting spent in this place.
 E = Time spent auto-exploring this place.
 F = Levels seen in this place.
 G = Mean time per level.
                   A        B        C        D        E       F      G
               +--------+--------+--------+--------+--------+-----+--------+
         Total |  14915 |  14127 |    788 |   3391 |   7916 |  13 | 1147.3 |
       Dungeon |  14046 |  13266 |    780 |   2902 |   7907 |  10 | 1404.6 |
        Temple |     16 |      8 |      8 |      0 |      0 |   1 |   16.0 |
          Lair |    102 |    102 |      0 |      0 |      0 |   1 |  102.0 |
      Ice Cave |    750 |    750 |      0 |    489 |      9 |   1 |  750.0 |
               +--------+--------+--------+--------+--------+-----+--------+

Top non-repeatable levels by time:
     D:8: 2102 daAuts
     D:9: 2081 daAuts
     D:4: 1754 daAuts
     D:6: 1341 daAuts
     D:7: 1244 daAuts
     D:5: 1213 daAuts
     D:3: 1168 daAuts
    D:10: 1144 daAuts
     D:1: 1095 daAuts
     D:2: 899 daAuts
   IceCv: 750 daAuts
  Lair:1: 102 daAuts
  Temple: 16 daAuts

Table legend:
 A = Kills in this place as a percentage of kills in the entire game.
 B = Kills by you in this place as a percentage of kills by you in the entire game.
 C = Kills by friends in this place as a percentage of kills by friends in the entire game.
 D = Other kills in this place as a percentage of other kills in the entire game.
 E = Experience gained in this place as a percentage of experience gained in the entire game.
 F = Experience gained in this place divided by the number of levels of this place that you have seen.
                   A       B       C       D       E      F
               +-------+-------+-------+-------+-------+----------------------
         Total | 100.0 | 100.0 | 100.0 | 100.0 | 100.0 | 1231.8
       Dungeon |  94.0 |  93.8 | 100.0 | 100.0 |  74.2 | 1188.5
          Lair |   1.9 |   2.0 |   0.0 |   0.0 |   6.9 | 1099.0
      Ice Cave |   4.1 |   4.2 |   0.0 |   0.0 |  18.9 | 3029.0
               +-------+-------+-------+-------+-------+----------------------
